 Dungeon Sprint DCSS version 0.27-a0-633-gc6addc0a40 (webtiles) character file.

Game seed: 14140610654573657476

20 sahdkjhfkaj the Chopper (level 2, 0/27 HPs)
             Began as a Palentonga Fighter on Mar 13, 2021.
             Slain by a leopard gecko (2 damage)
             ... in the Dungeon (Sprint IX: "|||||||||||||||||||||||||||||").
             The game lasted 00:00:06 (38 turns).

sahdkjhfkaj the Chopper (Palentonga Fighter)          Turns: 38, Time: 00:00:06

Health: 0/27       AC:  6    Str: 19    XL:     2   Next: 58%
Magic:  2/2        EV:  5    Int:  8    God:
Gold:   0          SH:  8    Dex:  9    Spells: 1/1 levels left

rFire    . . .     SeeInvis +   a - +0 war axe
rCold    . . .     Faith    .   c - +0 kite shield
rNeg     . . .     Spirit   .   b - +0 scale mail
rPois    .         Reflect  .   (no helmet)
rElec    .         Harm     .   (no cloak)
rCorr    .         Rampage  .   (no gloves)
Will     .....     NoTele   +   (no barding)
Stlth    ..........             (no amulet)
HPRegen  0.09/turn              (no ring)
MPRegen  0.08/turn              (no ring)

@: no status effects
A: large, rugged brown scales 3, see invisible, deformed body, roll 1, armoured
tail
a: Rolling Charge


You were in the Dungeon.
You visited 1 branch

Inventory:

Hand Weapons
 a - a +0 war axe (weapon)
Armour
 b - a +0 scale mail (worn)
 c - a +0 kite shield (worn)
Scrolls
 j - a scroll of blinking
Potions
 d - a potion of might
 e - a potion of curing
 f - a potion of heal wounds
 g - a potion of haste
 h - 2 potions of magic
 i - a potion of berserk rage


   Skills:
 - Level 3.0 Fighting
 + Level 5.6 Axes
 - Level 2.4 Armour
 - Level 2.4 Shields


You had one spell level left.
You didn't know any spells.
Your spell library was empty.

Dungeon Overview and Level Annotations

Branches:
Dungeon (1/1)

Altars:


Innate Abilities, Weirdness & Mutations

You are completely covered in rugged brown scales. (AC +3, +7% HP)
You have supernaturally acute eyesight. (SInv)
Armour fits poorly on your strangely shaped body.
You can roll at nearby foes to attack.
You have a long armoured tail.


Message History

You slash the adder!
The adder is almost dead.
The adder barely misses you. The adder bites you but does no damage.
You closely miss the adder.
The adder is almost dead.
The adder bites you but does no damage. The adder barely misses you.
You hit the adder.
You kill the adder!
The white imp gestures at you. The puff of frost hits you!
Your Axes skill gained 2 levels and is now at level 5!
You have reached level 2!
The white imp hits you. The white imp freezes you.
There is an open door here.
You closely miss the white imp. You tail-slap the white imp.
The white imp is moderately wounded.
The white imp gestures at you. The puff of frost hits you.
* * * LOW HITPOINT WARNING * * *
The white imp hits you but does no damage.
You hit the white imp but do no damage. You tail-slap the white imp.
The white imp is almost dead.
The white imp hits you but does no damage.
You slash the white imp!
You kill the white imp!
The leopard gecko bites you but does no damage.
You barely miss the leopard gecko. The leopard gecko bites you.
* * * LOW HITPOINT WARNING * * *
You miss the leopard gecko. The leopard gecko closely misses you.
You block the leopard gecko's attack.
You barely miss the leopard gecko.
Your tail-slap misses the leopard gecko.
The leopard gecko bites you but does no damage. x2
You barely miss the leopard gecko.
The leopard gecko bites you but does no damage.
You block the leopard gecko's attack.
You hit the leopard gecko.
The leopard gecko is severely wounded.
The leopard gecko bites you.
You die... ▓▓▓▓▓▓▓▓▓▓▓▓▓▓▓▓▓▓ +..Zcl@.....)...<▓ ▓▓▓▓▓▓▓▓▓▓▓▓▓▓▓▓▓▓

You could see a centaur, a leopard gecko and a bat skeleton.

Vanquished Creatures
  An adder (D)
  A white imp (D)
  A hobgoblin (D)
  A bat (D)
  A kobold (D)
  2 rats (D)
7 creatures vanquished.

Notes
Turn   | Place    | Note
-------+----------+-------------------------------------------
     0 | D        | sahdkjhfkaj the Palentonga Fighter began the quest for the
                  | Orb.
     0 | D        | Reached XP level 1. HP: 20/20 MP: 1/1
    11 | D        | Reached skill level 3 in Axes
    23 | D        | Noticed a centaur
    30 | D        | Reached skill level 5 in Axes
    30 | D        | Reached XP level 2. HP: 14/27 MP: 2/2
    34 | D        | HP: 1/27 [leopard gecko (4)]
    38 | D        | Slain by a leopard gecko

Illustrated notes

Levels and vault maps discovered:
D:        linesprint [early_d, line_temple, items_1, d_10, items_2, lair_1,
          lair_end, items_3, orc_1, orc_end, items_4, d_15, swamp_1, shoals_1,
          snake_1, spider_1, d_20, vaults_1, items_5, swamp_end, shoals_end,
          snake_end, spider_end, vaults_end, d_27, items_6, zot_1, zot_end,
          crypt_end, forest_end, elf_end, slime_end, tomb_end, abyss_end,
          pan_hell_end]

Skill      XL: |  1 |
---------------+----+-----
Axes           | 5 |  5.6
Fighting       | |  3.0
Armour         | |  2.4
Shields        | |  2.4

Action                   || total
-------------------------++-------
Melee: War axe           ||    27
       Tailslap          ||     3
Armor: Scale mail        ||    16
Dodge: Dodged            ||     9
Block: Kite shield       ||     9

Table legend: (Time is in decaauts)
 A = Elapsed time spent in this place.
 B = Non-inter-level travel time spent in this place.
 C = Inter-level travel time spent in this place.
 D = Time resting spent in this place.
 E = Time spent auto-exploring this place.
 F = Levels seen in this place.
 G = Mean time per level.
                   A        B        C        D        E       F      G
               +--------+--------+--------+--------+--------+-----+--------+
         Total |     51 |     51 |      0 |      0 |      0 |   1 |   51.0 |
       Dungeon |     51 |     51 |      0 |      0 |      0 |   1 |   51.0 |
               +--------+--------+--------+--------+--------+-----+--------+

Top non-repeatable levels by time:
       D: 51 daAuts
